 Dungeon Crawl Stone Soup version 0.30-a0-748-ge6a52f7cba (webtiles) character file.

Game seed: 14280426822728857192

20024 Newt the Markskobold (level 13, -12/73 HPs)
             Began as a Kobold Hunter on Feb 8, 2023.
             Was an Elder of Hepliaklqana.
             Mangled by a +4 long sword (23 damage)
             ... on level 13 of the Dungeon.
             The game lasted 00:15:58 (13658 turns).

Newt the Markskobold (Kobold Hunter)               Turns: 13658, Time: 00:15:59

Health: -12/73     AC: 15    Str: 17    XL:     13   Next: 9%
Magic:  13/13      EV: 23    Int: 10    God:    Hepliaklqana [****..]
Gold:   708        SH:  9    Dex: 24    Spells: 11/12 levels left

rFire   . . .      SeeInvis .    H - +4 sling (elec)
rCold   + . .      Faith    .    o - +0 kite shield
rNeg    . . .      Spirit   .    R - +4 troll leather armour
rPois   .          Reflect  .    (no helmet)
rElec   +          Harm     .    (no cloak)
rCorr   +          Rampage  .    (no gloves)
Will    .....                    y - +2 pair of boots
Stlth   +++                      t - amulet "Yfuleib" {rElec rC+ Regen+ rCorr Str+3}
HPRegen 1.92/turn                h - +4 ring of protection
MPRegen 0.13/turn                O - +6 ring of strength

@: about to teleport
A: reduced essence, small, no large weapons, nightstalker 3
a: Renounce Religion, Recall Ancestor, Ancestor Identity, Transference, Idealise


You were on level 13 of the Dungeon.
You worshipped Hepliaklqana.
Hepliaklqana was greatly pleased with you.
You visited 2 branches of the dungeon, and saw 14 of its levels.

You collected 708 gold pieces.

Inventory:

Hand Weapons
 a - a +2 shortbow
 H - a +4 sling of electrocution (weapon)
Armour
 c - a +0 leather armour
 e - a +2 leather armour of cold resistance
 o - a +0 kite shield (worn)
 x - a +0 pair of boots
 y - a +2 pair of boots (worn)
 C - the +2 plate armour of Poor Excuses {Dex+3}
   (You found it on level 7 of the Dungeon)

   Dex:       It affects your dexterity (+3).
 I - a +2 ring mail of poison resistance
 J - +0 steam dragon scales
 R - a +4 troll leather armour (worn)
Jewellery
 h - a +4 ring of protection (left hand)
 k - a ring of resist corrosion
 t - the amulet "Yfuleib" (around neck) {rElec rC+ Regen+ rCorr Str+3}
   (You found it on level 7 of the Dungeon)

   [amulet of regeneration]

   Str:       It affects your strength (+3).
   rC:        It protects you from cold.
   rElec:     It insulates you from electricity.
   Regen:     It increases your rate of health regeneration.
   rCorr:     It protects you from acid and corrosion.
 B - a ring of ice
 O - a +6 ring of strength (right hand)
Wands
 s - a wand of flame (8)
 u - a wand of paralysis (23)
 z - a wand of polymorph (8)
 L - a wand of quicksilver (18)
 P - a wand of roots (5)
Scrolls
 b - 2 scrolls of immolation
 d - 4 scrolls of vulnerability
 g - 2 scrolls of amnesia
 i - a scroll of fog
 l - a scroll of enchant armour
 F - a scroll of summoning
 G - 4 scrolls of teleportation
 K - 2 scrolls of identify
 N - a scroll of silence
Potions
 f - a potion of berserk rage
 j - a potion of cancellation
 m - 3 potions of curing
 n - 2 potions of mutation
 p - 5 potions of attraction
 q - 2 potions of degeneration
 r - 2 potions of haste
 v - 2 potions of magic
 w - a potion of resistance
 A - 2 potions of might
 D - a potion of brilliance
 M - 2 potions of heal wounds


   Skills:
 - Level 10.0 Fighting
 - Level 16.0 Ranged Weapons
 - Level 4.2 Armour
 + Level 12.7 Dodging
 - Level 1.3 Stealth
 - Level 3.0 Summonings
 - Level 10.0 Evocations


You had 11 spell levels left.
You knew the following spells:

 Your Spells              Type           Power      Damage    Failure   Level
a - Summon Small Mammal   Summ           24%        N/A       63%         1

Your spell library contained the following spells:

 Spells                   Type           Power      Damage    Failure   Level
 Call Imp                 Summ           6%         N/A       77%         2
 Apportation              Tloc           0%         N/A       96%         1
 Magic Dart               Conj           0%         1d3       96%         1
 Necrotise                Necr           0%         1d4       96%         1
 Sandblast                Erth           0%         2d4       96%         1
 Passwall                 Tmut/Erth      0%         N/A       99%         2
 Scorch                   Fire           0%         2d5       99%         2
 Ignite Poison            Fire/Tmut/Pois 0%         N/A       100%        3
 Kindle Blastsparks       Fire/Tloc/Air  0%         2d10      100%        3
 Mephitic Cloud           Conj/Pois/Air  0%         N/A       100%        3
 Stone Arrow              Conj/Erth      0%         3d7       100%        3
 Tukima's Dance           Hex            0%         N/A       100%        3
 Vampiric Draining        Necr           0%         2d6       100%        3
 Vhi's Electric Charge    Tloc/Air       0%         N/A       100%        3
 Flame Wave               Conj/Fire      0%         2d4       100%        4
 Passage of Golubria      Tloc           0%         N/A       100%        4
 Agony                    Necr           0%         N/A       100%        5
 Alistair's Intoxication  Tmut/Pois      0%         N/A       100%        5
 Arcjolt                  Conj/Air       0%         1d10      100%        5
 Blade Hands              Tmut           0%         N/A       100%        5
 Borgnjor's Vile Clutch   Necr/Erth      0%         N/A       100%        5
 Freezing Cloud           Conj/Ice/Air   0%         6-21      100%        5
 Irradiate                Conj/Tmut      0%         3d11      100%        5
 Yara's Violent Unravell  Hex/Tmut       0%         3d3       100%        5
 Eringya's Noxious Bog    Tmut/Pois      0%         N/A       100%        6
 Summon Cactus Giant      Summ           3%         N/A       100%        6
 Dragon Form              Tmut           0%         N/A       100%        7
 Borgnjor's Revivificati  Necr           0%         N/A       100%        8
 Maxwell's Capacitive Co  Air            0%         ∞         100%        8
 Necromutation            Tmut/Necr      0%         N/A       100%        8
 Death's Door             Necr           0%         N/A       100%        9


Dungeon Overview and Level Annotations

Branches:
Dungeon (13/15)            Temple (1/1) D:5            Lair (0/5) D:8
    Orc (0/2) D:10
 Vaults: D:13-14

Altars:
Ashenzari
Cheibriados
Dithmenos
Elyvilon
Fedhas
Gozag
Hepliaklqana
Kikubaaqudgha
Makhleb
Nemelex Xobeh
Okawaru
Qazlal
Ru
Sif Muna
Trog
Uskayaw
Vehumet
Wu Jian
Xom
Yredelemnul
Zin
The Shining One

Shops:
D:6 *:


Innate Abilities, Weirdness & Mutations

Your life essence is reduced to manifest your ancestor. (-10% HP)
You are small and have problems with some larger weapons.
You are completely attuned to the shadows.


Message History

You shoot a sling bullet.
The sling bullet closely misses the +4 long sword.
The +4 long sword barely misses you.
You shoot a sling bullet.
The sling bullet hits the +4 long sword.
The +4 long sword is lightly damaged.
The +4 long sword hits you! The +4 long sword misses you.
You shoot a sling bullet.
The sling bullet misses the +4 long sword.
The +4 long sword hits you. The +5 long sword hits you!
You shoot a sling bullet.
The sling bullet completely misses the +4 long sword.
The +4 long sword closely misses you. The +5 long sword misses you.
The +4 long sword hits you. The +5 long sword closely misses you.
The +4 long sword attacks as you move away!
The +4 long sword hits you!!
The +5 long sword attacks as you move away!
The +5 long sword hits you.
* * * LOW HITPOINT WARNING * * *
The boulder beetle leaps!
You block the +4 long sword's attack.
You shoot a sling bullet.
The sling bullet hits the boulder beetle.
The boulder beetle is moderately wounded.
The +5 long sword hits you!
* * * LOW HITPOINT WARNING * * *
The +4 long sword hits you but does no damage.
The +5 long sword hits you!
* * * LOW HITPOINT WARNING * * *
The boulder beetle closely misses you.
Blink to where?
Press: ? - help, Dir - move target, p - boulder beetle
As you read the scroll of blinking, it crumbles to dust.
The boulder beetle curls into a ball and begins rolling!
As you read the scroll of teleportation, it crumbles to dust.
You feel strangely unstable.
As you read the scroll of fear, it crumbles to dust.
You assume a fearsome visage.
The +5 long sword is unaffected.
The +4 long sword is unaffected.
The boulder beetle looks frightened!
The +4 long sword hits you!!
You die...

#).#
.####..#
.......#
.......#
.......#
.......#
.......#
.......#
.....@.#
.....(B#
.####(°#
#°.#
#..#
#§.#
#.(#
.)....#
......#


You could see a boulder beetle (rolling, fleeing) and 2 dancing weapons.

Vanquished Creatures
  2 boulder beetles
  4 two-headed ogres
  A deep elf pyromancer (D:12)
  2 centaur zombies (D:12)
  Joseph (D:8)
  3 gargoyles
  Maggie (D:8)
  A kobold demonologist (D:10)
  A tengu conjurer (D:7)
  2 trolls
  2 hornets (D:10)
  A meliai zombie (D:12)
  2 vampires
  3 shadows
  4 wraiths
  5 yaks (D:10)
  A steam dragon (D:8)
  A vampire mosquito (D:7)
  2 water moccasins (D:6)
  A black bear (D:7)
  3 orc warriors (D:10)
  4 ice beasts
  4 centaurs
  A phantom (D:4)
  6 kobold brigands
  3 bullfrogs
  5 gnoll sergeants
  3 necrophages
  7 wights
  Dowan (D:7)
  10 killer bees
  An electric eel (D:7)
  4 howler monkeys
  2 hounds
  2 jellies (D:4)
  2 orc priests (D:5)
  6 iguanas
  7 orc wizards
  9 adders
  8 gnolls
  A shadow imp (D:5)
  3 white imps
  2 ufetubi (D:5)
  3 worms
  26 orcs
  4 endoplasms
  A giant cockroach (D:1)
  6 goblins
  9 hobgoblins
  17 jackals
  A quokka (D:2)
  7 ball pythons
  3 bats
  2 frilled lizards (D:2)
  26 kobolds
  7 rats
246 creatures vanquished.

Vanquished Creatures (collateral kills)
  A centaur warrior (D:13)
  A two-headed ogre (D:11)
  A deep elf pyromancer (D:12)
  An ugly thing (D:12)
  A manticore (D:12)
  A centaur zombie (D:12)
  A gargoyle (D:11)
  2 unseen horrors
  A kobold demonologist (D:10)
  A wraith (D:12)
  A shadow (D:12)
  A wyvern (D:8)
  Duvessa (D:7)
  An orc warrior (D:8)
  A black bear (D:7)
  A sky beast (D:7)
  An ice beast (D:7)
  4 centaurs
  4 kobold brigands
  2 bullfrogs
  A necrophage (D:7)
  3 wights (D:8)
  7 killer bees
  A howler monkey (D:11)
  4 electric eels
  A jelly (D:7)
  2 orc wizards
  8 orcs
  6 kobolds
61 creatures vanquished.

Vanquished Creatures (others)
  6 knights
  5 ancestors
  27 plants
  3 withered plants (D:12)
41 creatures vanquished.

Grand Total: 348 creatures vanquished

Notes
Turn   | Place    | Note
-------+----------+-------------------------------------------
     0 | D:1      | Newt the Kobold Hunter began the quest for the Orb.
     0 | D:1      | Reached XP level 1. HP: 12/12 MP: 1/1
   527 | D:1      | Found a faded altar of an unknown god.
   602 | D:1      | Reached XP level 2. HP: 18/18 MP: 2/2
  1149 | D:2      | Reached XP level 3. HP: 23/23 MP: 3/3
  1515 | D:2      | Reached XP level 4. HP: 30/30 MP: 4/4
  2368 | D:4      | Reached skill level 5 in Fighting
  2370 | D:4      | Learned a level 1 spell: Summon Small Mammal
  2543 | D:4      | Reached XP level 5. HP: 35/35 MP: 5/5
  2569 | D:4      | Reached skill level 6 in Ranged Weapons
  2669 | D:4      | Noticed a phantom
  2681 | D:4      | Killed a phantom
  2682 | D:4      | Reached skill level 7 in Ranged Weapons
  2682 | D:4      | Reached XP level 6. HP: 20/40 MP: 6/6
  2920 | D:4      | You fall into a shaft and drop 1 floor!
  2920 | D:5      | Entered Level 5 of the Dungeon
  2933 | D:5      | Found a shimmering blue altar of Sif Muna.
  3040 | D:5      | Reached skill level 8 in Ranged Weapons
  3269 | D:5      | Reached XP level 7. HP: 44/44 MP: 7/7
  3376 | D:5      | Reached skill level 9 in Ranged Weapons
  3763 | D:5      | Found a staircase to the Ecumenical Temple.
  3770 | Temple   | Entered the Ecumenical Temple
  3998 | Temple   | Became a worshipper of Hepliaklqana the Forgotten
  4202 | D:4      | Found a glowing silver altar of Zin.
  4444 | D:5      | Reached skill level 10 in Ranged Weapons
  4608 | D:6      | Reached skill level 1 in Summonings
  4608 | D:6      | Found a glowing golden altar of the Shining One.
  4804 | D:6      | Reached XP level 8. HP: 30/49 MP: 8/8
  4806 | D:6      | Noticed a troll
  4979 | D:6      | Killed a troll
  5044 | D:6      | Found Seoph's Serpentskin Sales.
  5066 | D:6      | Reached skill level 5 in Evocations
  5819 | D:6      | Reached skill level 5 in Dodging
  5825 | D:6      | Reached XP level 9. HP: 29/54 MP: 9/9
  6095 | D:6      | Reached skill level 1 in Armour
  6101 | D:6      | Found Huetiryi's Book Boutique.
  6290 | D:7      | Reached * piety under Hepliaklqana
  6740 | D:7      | Identified the amulet "Yfuleib" {rElec rC+ Regen+ rCorr
                  | Str+3}
  6743 | D:7      | Identified the +2 plate armour of Poor Excuses {Dex+3}
  6753 | D:7      | Noticed a tengu conjurer
  6767 | D:7      | Killed a tengu conjurer
  7033 | D:7      | Noticed Duvessa
  7036 | D:7      | Noticed Dowan
  7038 | D:7      | Killed Duvessa
  7039 | D:7      | Reached XP level 10. HP: 36/53 MP: 10/10
  7046 | D:7      | Killed Dowan
  7238 | D:7      | Found a blossoming altar of Fedhas.
  7272 | D:7      | Reached skill level 10 in Dodging
  8067 | D:7      | Reached skill level 11 in Ranged Weapons
  8318 | D:7      | Reached skill level 12 in Ranged Weapons
  8638 | D:8      | Noticed Joseph
  8667 | D:8      | Killed Joseph
  8668 | D:8      | Reached skill level 13 in Ranged Weapons
  8715 | D:8      | Found a hide-covered altar of Uskayaw.
  8718 | D:8      | Noticed Maggie
  8733 | D:8      | Killed Maggie
  8791 | D:8      | Reached ** piety under Hepliaklqana
  8792 | D:8      | Remembered your ancestor Kheti as a knight
  8976 | D:8      | Reached skill level 14 in Ranged Weapons
  8976 | D:8      | Reached XP level 11. HP: 40/56 MP: 11/11
  9067 | D:8      | Found a staircase to the Lair.
  9207 | D:8      | Noticed a boulder beetle
  9216 | D:8      | Killed a boulder beetle
  9217 | D:8      | Reached skill level 15 in Ranged Weapons
 10232 | D:10     | Entered Level 10 of the Dungeon
 10300 | D:10     | Noticed a two-headed ogre
 10317 | D:10     | Killed a two-headed ogre
 10318 | D:10     | Reached skill level 16 in Ranged Weapons
 10371 | D:10     | Found the +6 shillelagh "Devastator" {shatter}
 10430 | D:10     | Reached *** piety under Hepliaklqana
 10479 | D:10     | Noticed a boulder beetle
 10512 | D:10     | Killed a boulder beetle
 10669 | D:10     | Found a shimmering altar of Xom.
 10921 | D:10     | Found an iron altar of Okawaru.
 10935 | D:10     | Reached skill level 10 in Evocations
 10935 | D:10     | Reached XP level 12. HP: 61/61 MP: 12/12
 10941 | D:10     | Found a burning altar of Makhleb.
 10943 | D:10     | Found an ornate altar of the Wu Jian Council.
 10945 | D:10     | Found a sacrificial altar of Ru.
 10946 | D:10     | Found a sparkling altar of Nemelex Xobeh.
 10946 | D:10     | Found a basalt altar of Yredelemnul.
 10948 | D:10     | Found a radiant altar of Vehumet.
 11122 | D:10     | Found a staircase to the Orcish Mines.
 11365 | D:11     | Noticed a two-headed ogre
 11369 | D:11     | Killed a two-headed ogre
 11409 | D:11     | Noticed a two-headed ogre
 11412 | D:11     | Killed a two-headed ogre
 12471 | D:12     | Noticed a two-headed ogre
 12602 | D:12     | Noticed a two-headed ogre
 12607 | D:12     | Killed a two-headed ogre
 12608 | D:12     | Reached skill level 10 in Fighting
 12897 | D:12     | Reached **** piety under Hepliaklqana
 13142 | D:12     | Killed a two-headed ogre
 13218 | D:12     | Reached XP level 13. HP: 73/73 MP: 13/13
 13639 | D:13     | Noticed a centaur warrior
 13647 | D:13     | Killed a centaur warrior
 13654 | D:13     | HP: 3/73 [+5 long sword (14)]
 13658 | D:13     | Mangled by a +4 long sword

Illustrated notes

Levels and vault maps discovered:
D:1:      lightli_arrival_windingriver, layout_basic,
          dreamdust_ecumenical_altar_grove
D:2:      layout_basic, kennysheep_generic_room_15
D:3:      layout_basic
D:4:      layout_loops_ring, zin_statuary
D:5:      layout_basic, led_sif_pool, minmay_temple_entry_stoned_glass
D:6:      minmay_general_purpose_star, layout_loops_ring, tso_altar,
          serial_shops, shop_fountains, guppyfry_shop_venom
D:7:      nzn_winding_woodlands_large [nzn_winding_woodlands_5x5_default,
          nzn_winding_woodlands_5x15_jagged, nzn_winding_woodlands_hourglass,
          nzn_winding_woodlands_center_diamonds,
          nzn_winding_woodlands_15x15_eel_pit,
          nzn_winding_woodlands_center_triple_pond,
          nzn_winding_woodlands_5x5_cross,
          nzn_winding_woodlands_5x15_lazy_stream,
          nzn_winding_woodlands_5x5_closed_star], layout_gridville,
          mainiacjoe_overflow_alcove_4, uniq_duvessa
D:8:      layout_loops_ring, eat_drink_and_be_merry_uskayaw, dpeg_oklobed_lair,
          minmay_quadrilaterals, uniq_maggie, uniq_joseph
D:9:      layout_roguey
D:10:     layout_loops_ring, minitemple, mainiacjoe_overflow_cross_hatched,
          kennysheep_orc_monster_closet_entryway,
          dilly_guarded_unrand_devastator
D:11:     layout_gridville, serial_bayou, serial_bayou_lagoon_b,
          serial_bayou_lagoon_a, serial_bayou_pond_d, serial_bayou_shore_b
D:12:     layout_loops_ring, serial_undead, serial_undead_a, serial_undead_c,
          serial_undead_c, serial_undead_f
D:13:     layout_small_grid, erik_vaults_1, serial_shops, nicolae_square_shop,
          serial_glass, glass_columns_c, glass_columns_b, due_unseen_surprise,
          item_on_display_a, uniq_snorg, uniq_urug
Temple:   grunt_temple_mini_profane

Skill      XL: |  1  2  3  4  5  6  7  8  9 10 11 12 |
---------------+-------------------------------------+-----
Fighting       | 3 4 5 10 | 10.0
Ranged Weapons | 7 8 10 14 16 | 16.0
Summonings     | 3 |  3.0
Evocations     | 5 10 | 10.0
Dodging        | 5 9 10 12 | 12.7
Armour         | 4 |  4.2
Stealth        | |  1.3

Action                     |  1- 3 |  4- 6 |  7- 9 | 10-12 | 13-15 || total
---------------------------+-------+-------+-------+-------+-------++-------
   Fire: Shortbow          |    77 |   166 |   242 |   155 |       ||   640
         Sling             |       |       |       |   531 |    22 ||   553
   Cast: Summon Small Mamm |       |       |     5 |       |       ||     5
 Invoke: Ancestor Life: Kn |       |       |       |     1 |       ||     1
         Recall Ancestor   |       |       |       |     1 |       ||     1
  Evoke: Wand              |       |       |     1 |     7 |       ||     8
    Use: Scroll            |     6 |     5 |     8 |    13 |     3 ||    35
         Potion            |       |       |     4 |       |       ||     4
 Armour: Leather armour    |     7 |    54 |    61 |    12 |       ||   134
         Plate armour      |       |       |    44 |    54 |       ||    98
         Steam dragon scal |       |       |       |    14 |       ||    14
         Troll leather arm |       |       |       |    17 |     3 ||    20
  Dodge: Dodged            |    17 |    97 |   158 |   204 |     7 ||   483
  Block: Kite shield       |       |       |       |    95 |     4 ||    99

Table legend: (Time is in decaauts)
 A = Elapsed time spent in this place.
 B = Non-inter-level travel time spent in this place.
 C = Inter-level travel time spent in this place.
 D = Time resting spent in this place.
 E = Time spent auto-exploring this place.
 F = Levels seen in this place.
 G = Mean time per level.
                   A        B        C        D        E       F      G
               +--------+--------+--------+--------+--------+-----+--------+
         Total |  13885 |  13395 |    490 |   1931 |   9301 |  14 |  991.8 |
       Dungeon |  13632 |  13187 |    445 |   1931 |   9098 |  13 | 1048.6 |
        Temple |    252 |    207 |     45 |      0 |    203 |   1 |  252.0 |
               +--------+--------+--------+--------+--------+-----+--------+

Top non-repeatable levels by time:
     D:7: 2305 daAuts
     D:6: 1481 daAuts
     D:5: 1286 daAuts
    D:11: 1261 daAuts
    D:12: 1046 daAuts
     D:8: 1012 daAuts
    D:10: 1005 daAuts
     D:4: 931 daAuts
     D:1: 914 daAuts
     D:2: 758 daAuts
     D:9: 746 daAuts
     D:3: 720 daAuts
  Temple: 252 daAuts
    D:13: 162 daAuts
